 Dungeon Crawl Stone Soup version 0.29.0-5-ge4962eb29e (webtiles) character file.

Game seed: 6356720007391626212

14506 MeatBomb the Severer (level 11, -12/142 HPs)
             Began as a Minotaur Berserker on Aug 28, 2022.
             Was a High Priest of Trog.
             Shot with a bolt by an orc warrior (19 damage)
             ... on level 2 of the Orcish Mines.
             The game lasted 01:19:49 (12726 turns).

MeatBomb the Severer (Minotaur Berserker)          Turns: 12726, Time: 01:19:49

Health: -12/142    AC: 13    Str: 25    XL:     11   Next: 89%
Magic:  10/10      EV: 15    Int:  4    God:    Trog [*****.]
Gold:   966        SH:  0    Dex: 11    Spells: 10/10 levels left

rFire   . . .      SeeInvis .   a - +3 battleaxe (freeze)
rCold   . . .      Faith    .   (shield currently unavailable)
rNeg    . . .      Spirit   .   K - +2 scale mail {Will+}
rPois   .          Reflect  .   (helmet restricted)
rElec   .          Harm     .   j - +1 cloak
rCorr   .          Rampage  .   h - +0 pair of gloves
Will    ++...                   (no boots)
Stlth   ..........              I - amulet of regeneration
HPRegen 1.13/turn               i - ring of willpower
MPRegen 0.12/turn               r - +4 ring of evasion

@: berserking, very quick
A: horns 2, retaliatory headbutt
a: Renounce Religion, Berserk, Trog's Hand, Brothers in Arms


You were on level 2 of the Orcish Mines.
You worshipped Trog.
Trog was extremely pleased with you.
You visited 3 branches of the dungeon, and saw 14 of its levels.

You collected 966 gold pieces.

Inventory:

Hand Weapons
 a - a +3 battleaxe of freezing (weapon)
 b - a +5 spear of flaming
 H - a +2 whip of draining
 J - a +0 hand axe of draining
 L - a +1 whip of holy wrath
 U - a +2 whip of electrocution
Missiles
 w - 21 poisoned darts (quivered)
 x - 77 stones
Armour
 h - a +0 pair of gloves (worn)
 j - a +1 cloak (worn)
 m - a +0 plate armour
 y - a +2 leather armour of fire resistance
 E - +0 steam dragon scales
 K - a +2 scale mail of willpower (worn)
 P - +0 acid dragon scales
 Q - a +0 troll leather armour
Jewellery
 e - a +6 ring of intelligence
 g - a ring of flight
 i - a ring of willpower (left hand)
 l - an amulet of guardian spirit
 p - a +6 ring of intelligence
 q - a ring of fire
 r - a +4 ring of evasion (right hand)
 s - a +6 ring of intelligence
 u - an amulet of magic regeneration
 I - an amulet of regeneration (around neck)
 S - a +4 ring of evasion
Wands
 d - a wand of charming (9)
 G - a wand of roots (7)
Scrolls
 f - 3 scrolls of teleportation
 o - 7 scrolls of poison
 v - a scroll of identify
 D - 2 scrolls of immolation
 F - a scroll of noise
 M - a scroll of fear
 N - a scroll of butterflies
 T - a scroll of blinking
Potions
 c - a potion of attraction
 k - 3 potions of might
 n - 4 potions of curing
 t - 2 potions of lignification
 z - 2 potions of flight
 A - a potion of brilliance
 B - 2 potions of haste
 C - 2 potions of mutation
 O - a potion of ambrosia


   Skills:
 + Level 8.4 Fighting
 - Level 1.1 Short Blades
 - Level 15.0(17.2) Axes
 - Level 14.1(16.7) Maces & Flails
 + Level 7.9 Armour
 - Level 2.7 Dodging


You had 10 spell levels left.
You didn't know any spells.
Your spell library was empty.

Dungeon Overview and Level Annotations

Branches:
Dungeon (11/15)            Temple (1/1) D:6            Lair (0/5) D:9
    Orc (2/2) D:9             Elf (0/3) Orc:2

Altars:
Ashenzari
Cheibriados
Dithmenos
Elyvilon
Fedhas
Gozag
Hepliaklqana
Kikubaaqudgha
Makhleb
Nemelex Xobeh
Okawaru
Qazlal
Ru
Sif Muna
Trog
Uskayaw
Vehumet
Wu Jian
Xom
Yredelemnul
Zin
The Shining One

Shops:
D:4 (


Innate Abilities, Weirdness & Mutations

You have a pair of horns on your head.
You reflexively headbutt those who attack you in melee.


Message History

You hear a shout!
Your Fighting skill increases to level 8!
The centaur unwields a +0 shortbow.
The centaur barely misses you.
The centaur kicks you but does no damage.
Things that are here:
a +0 arbalest; a +0 mace; a +0 shortbow You slash the centaur!
You freeze the centaur.
The centaur is severely wounded.
You slash the orc warrior! You freeze the orc warrior.
An orc warrior comes into view. It is wielding a +0 arbalest.
The orc warrior unwields a +0 arbalest.
The orc warrior wields a +0 broad axe.
The orc warrior completely misses you.
You barely miss the centaur. You headbutt the centaur.
You kill the centaur!
Trog accepts your kill.
You closely miss the orc warrior. You slash the orc warrior!
You freeze the orc warrior.
The orc warrior shoots a bolt.
The bolt barely misses you.
The orc warrior unwields a +0 arbalest.
The orc warrior wields a +0 broad axe.
The orc warrior hits you but does no damage.
The orc warrior misses you. You furiously retaliate!
You headbutt the orc warrior!
You see here a +0 shortbow.
You slice the orc warrior!! You freeze the orc warrior!
You kill the orc warrior!
Trog accepts your kill.
You closely miss the orc warrior. You slice the orc warrior!!
You freeze the orc warrior.
You kill the orc warrior!
Trog accepts your kill.
The orc warrior shoots a bolt.
The bolt hits you.
* * * LOW HITPOINT WARNING * * *
You slice the orc warrior!! You freeze the orc warrior!
You kill the orc warrior!
Trog accepts your kill.
You slash the orc! You freeze the orc.
You kill the orc!
Trog accepts your kill.
The orc warrior shoots a bolt.
The bolt hits you!!
You die...

##...###...##..##.
.........o........
.................
##.#...#########
#.....#.## #
##........# ##
##))......## .#
#))).###.## ## ##.@###
### # ###### #).)#
#.##.## ##.##
##.#...## ##...##
##.......# ##.....#
......#.####....##.#
.........##.........#
...................#.#
...#.....#..........##


You could see an orc warrior.

Vanquished Creatures
  Erolcha (D:10)
  2 centaur warriors
  3 two-headed ogres (D:10)
  A skeletal warrior (D:11)
  An ugly thing (D:10)
  A gargoyle (D:10)
  An unseen horror (D:10)
  4 trolls (D:10)
  A hornet (D:8)
  A shadow (D:10)
  Sigmund (D:7)
  8 yaks
  2 wyverns (D:10)
  The ghost of Vadun the Chopper, an amateur MiGl (D:4)
  A wraith (D:11)
  Grum (D:10)
  3 steam dragons
  Edmund (D:7)
  A vampire mosquito (D:10)
  2 acid dragons (D:10)
  A water moccasin (D:7)
  11 orc warriors
  4 black bears
  2 sky beasts
  Duvessa (D:7)
  7 centaurs
  5 ogres
  3 wolves (D:10)
  A phantom (D:6)
  3 kobold brigands
  A necrophage (D:5)
  2 bullfrogs
  A gnoll sergeant (D:9)
  2 scorpions
  8 wights (D:8)
  Dowan (D:7)
  6 killer bees
  4 jellies
  A howler monkey (D:10)
  2 hounds
  2 orc priests
  A gnoll bouda (Orc:2)
  2 iguanas (D:5)
  12 orc wizards
  12 gnolls
  15 adders
  A white imp (D:8)
  An ufetubus (D:4)
  5 worms
  5 dart slugs
  34 orcs
  4 endoplasms
  4 giant cockroaches
  5 hobgoblins
  4 jackals (D:1)
  21 kobolds
  2 quokkas
  6 ball pythons
  3 bats
  4 frilled lizards
  3 goblins
  2 rats (D:1)
  A butterfly (D:6)
252 creatures vanquished.

Vanquished Creatures (others)
  A bush (D:5)
  4 fungi
  7 plants (D:1)
12 creatures vanquished.

Grand Total: 264 creatures vanquished

Notes
Turn   | Place    | Note
-------+----------+-------------------------------------------
     0 | D:1      | MeatBomb the Minotaur Berserker began the quest for the
                  | Orb.
     0 | D:1      | Reached XP level 1. HP: 19/19 MP: 0/0
   158 | D:1      | Found a faded altar of an unknown god.
   354 | D:1      | Reached XP level 2. HP: 24/27 MP: 1/1
   740 | D:2      | Reached skill level 4 in Axes
   958 | D:2      | Reached XP level 3. HP: 33/33 MP: 2/2
  1274 | D:2      | Reached ** piety under Trog
  1941 | D:3      | Reached XP level 4. HP: 40/40 MP: 3/3
  1941 | D:3      | Noticed a +0 falchion
  1941 | D:3      | Noticed a +0 short sword
  1942 | D:3      | Noticed a +0 dagger
  1943 | D:3      | Noticed a +0 short sword
  1943 | D:3      | Noticed a +0 spear
  1943 | D:3      | Noticed a +0 spear
  1965 | D:3      | Reached skill level 1 in Maces & Flails
  2299 | D:3      | Noticed a +0 dagger
  2300 | D:3      | Noticed a +0 falchion
  2307 | D:3      | Found a hide-covered altar of Uskayaw.
  2532 | D:4      | Reached XP level 5. HP: 42/46 MP: 4/4
  2659 | D:4      | Found Rifoixt's Weapon Shop.
  2679 | D:4      | Reached *** piety under Trog
  2836 | D:4      | Noticed a sky beast
  2868 | D:4      | Killed a sky beast
  2869 | D:4      | Reached skill level 5 in Maces & Flails
  2869 | D:4      | Reached XP level 6. HP: 46/52 MP: 5/5
  3016 | D:4      | Found a runed translucent door.
  3156 | D:4      | Noticed Vadun's ghost (amateur MiGl)
  3167 | D:4      | Killed Vadun's ghost
  3194 | D:4      | Identified the +6 trident "Jelly's Bane" {pain, Fly rC+
                  | Will-}
  3220 | D:5      | Entered Level 5 of the Dungeon
  3227 | D:5      | Reached XP level 7. HP: 43/59 MP: 6/6
  4181 | D:5      | Reached skill level 10 in Maces & Flails
  4181 | D:5      | Reached XP level 8. HP: 64/66 MP: 7/7
  5240 | D:6      | Found a snail-covered altar of Cheibriados.
  5241 | D:6      | Found a stormy altar of Qazlal.
  5242 | D:6      | Found a broken altar of Ashenzari.
  5243 | D:6      | Found a sparkling altar of Nemelex Xobeh.
  5411 | D:6      | Found a staircase to the Ecumenical Temple.
  5435 | D:6      | Found a hazy altar of Hepliaklqana.
  5437 | D:6      | Found a shimmering blue altar of Sif Muna.
  5543 | D:6      | Found a radiant altar of Vehumet.
  5656 | D:6      | Found a shimmering altar of Xom.
  5735 | Temple   | Entered the Ecumenical Temple
  6175 | D:7      | Noticed Dowan
  6199 | D:7      | Killed Dowan
  6226 | D:7      | Noticed Duvessa
  6241 | D:7      | Killed Duvessa
  6413 | D:7      | Reached XP level 9. HP: 68/71 MP: 8/8
  6519 | D:7      | Noticed Edmund
  6541 | D:7      | Killed Edmund
  6631 | D:7      | Noticed Sigmund
  6635 | D:7      | Killed Sigmund
  7995 | D:8      | Reached skill level 5 in Fighting
  8102 | D:8      | Reached **** piety under Trog
  8105 | D:8      | Reached skill level 1 in Short Blades
  8168 | D:8      | Reached skill level 5 in Axes
  8375 | D:8      | Reached skill level 6 in Axes
  8701 | D:8      | Reached skill level 7 in Axes
  8919 | D:8      | Reached skill level 8 in Axes
  9083 | D:8      | Reached XP level 10. HP: 81/81 MP: 9/9
  9624 | D:9      | Found a staircase to the Orcish Mines.
  9733 | D:9      | Found a staircase to the Lair.
 10272 | D:9      | Reached skill level 9 in Axes
 10359 | D:10     | Entered Level 10 of the Dungeon
 10441 | D:10     | Noticed a two-headed ogre
 10447 | D:10     | Killed a two-headed ogre
 10448 | D:10     | Reached skill level 10 in Axes
 10537 | D:10     | Noticed a centaur warrior
 10554 | D:10     | Killed a centaur warrior
 10555 | D:10     | Reached skill level 11 in Axes
 10715 | D:10     | Noticed Grum
 10723 | D:10     | Reached skill level 12 in Axes
 10730 | D:10     | Killed Grum
 10923 | D:10     | Reached skill level 13 in Axes
 10934 | D:10     | Noticed a cyan ugly thing
 10945 | D:10     | Killed a cyan ugly thing
 10946 | D:10     | Reached XP level 11. HP: 49/88 MP: 10/10
 11014 | D:10     | Noticed a two-headed ogre
 11025 | D:10     | Killed a two-headed ogre
 11026 | D:10     | Reached skill level 14 in Axes
 11393 | D:10     | Reached ***** piety under Trog
 11394 | D:10     | Reached skill level 15 in Axes
 11403 | D:10     | Noticed a two-headed ogre
 11415 | D:10     | Killed a two-headed ogre
 11416 | D:10     | Reached skill level 5 in Armour
 11773 | D:10     | Noticed Erolcha
 11790 | D:10     | Killed Erolcha
 11981 | D:11     | Noticed a skeletal warrior
 11993 | D:11     | Noticed a skeletal warrior
 11994 | D:11     | Killed a skeletal warrior
 11995 | D:11     | Noticed a skeletal warrior
 12133 | Orc:1    | Entered Level 1 of the Orcish Mines
 12240 | Orc:2    | Entered Level 2 of the Orcish Mines
 12240 | Orc:2    | Found a staircase to the Elven Halls.
 12699 | Orc:2    | Noticed a centaur warrior
 12718 | Orc:2    | HP: 7/141 [centaur/arrow (1)]
 12719 | Orc:2    | Killed a centaur warrior
 12724 | Orc:2    | HP: 5/141 [orc warrior/bolt (6)]
 12726 | Orc:2    | Shot with a bolt by an orc warrior

Illustrated notes

Levels and vault maps discovered:
D:1:      dpeg_arrival_solitude, layout_rooms,
          shapermc_ecumenical_altar_mp_ritualfount, minmay_misc_feat_doors
D:2:      layout_loops_ring
D:3:      layout_rooms, nicolae_uskayaw_en_pointe
D:4:      minmay_chambers_of_fours, layout_rooms, ebering_ghost_reflecting_pool,
          serial_shops, nicolae_shop_bloodbath_and_beyond
D:5:      layout_gridville, kb_lookout_dungeons_type, dk_noncrumbling_3,
          kennysheep_path_1
D:6:      layout_cave_pools, amcnicky_altar_gilded,
          mainiacjoe_overflow_alcove_4, mainiacjoe_overflow_chevrons,
          chequers_temple_overflow_statue_of_worship,
          nicolae_vehumet_altar_sigil, minmay_temple_entry_butterflies
D:7:      layout_basic, grunt_decor_junction, sigmund_edmund_badplayer,
          uniq_duvessa
D:8:      layout_cave_pods
D:9:      layout_basic, lair_entry_dummy, orc_0_dummy
D:10:     layout_stronghold, onia_ninara_cookie, uniq_grum, uniq_erolcha
D:11:     layout_loops_ring, enter_trove_3, uniq_amaemon
Temple:   nicolae_temple_bog_church
Orc:1:    layout_diamond_mine, hellmonk_bongcloud_opening
Orc:2:    st_orc_rangers, layout_diamond_mine, serial_shops, shop

Skill      XL: |  1  2  3  4  5  6  7  8  9 10 11 |
---------------+----------------------------------+-----
Fighting       | 4 5 8 |  8.4
Axes           | 4 8 13 15 | 15.0
Armour         | 3 4 7 |  7.9
Maces & Flails | 3 5 7 10 13 14 | 14.1
Short Blades   | 1 |  1.1
Dodging        | |  2.7

Action                   |  1- 3 |  4- 6 |  7- 9 | 10-12 || total
-------------------------+-------+-------+-------+-------++-------
Melee: Hand axe          |    60 |       |       |       ||    60
       Headbutt          |     9 |    16 |    63 |    50 ||   138
       Whip              |     5 |   103 |   264 |       ||   372
       Punch             |       |     2 |     2 |       ||     4
       Battleaxe         |       |       |    49 |   248 ||   297
       Short sword       |       |       |     4 |       ||     4
Throw: Stone             |     7 |       |       |       ||     7
       Boomerang         |       |     2 |    27 |     6 ||    35
       Dart              |       |       |       |    66 ||    66
Invok: Berserk           |       |     1 |     4 |     7 ||    12
  Use: Scroll            |     1 |    10 |     8 |     6 ||    25
       Potion            |       |       |       |     1 ||     1
Armor: Chain mail        |    11 |       |       |       ||    11
       Plate armour      |    13 |    56 |   186 |     6 ||   261
       Leather armour    |     1 |       |       |       ||     1
       Scale mail        |       |       |       |    84 ||    84
Dodge: Dodged            |    29 |    31 |   106 |   194 ||   360
